 Dungeon Crawl Stone Soup version 0.21.1-35-gfefc1aa2bb (webtiles) character file.

28238 nora the Basher (level 13, -13/113 HPs)
             Began as a Minotaur Berserker on July 31, 2018.
             Was a High Priest of Trog.
             Mangled by an ice devil (22 damage)
             ... summoned by an orc high priest
             ... on level 2 of the Orcish Mines on Aug 1, 2018.
             The game lasted 01:38:58 (12457 turns).

nora the Basher (Minotaur Berserker)               Turns: 12457, Time: 01:39:01

Health: -13/113    AC: -3    Str: 27    XL:     13   Next: 8%
Magic:  14/14      EV: 15    Int:  1    God:    Trog [*****.]
Gold:   441        SH:  0    Dex: 14    Spells: 14/14 levels left

rFire    . . .     SeeInvis .   m - +3 morningstar
rCold    . . .     Gourm    .   z - -2 shield of Vifoac {rN++ Int-3 Dex+4}
rNeg     + + .     Faith    .   y - +2 scale mail
rPois    .         Spirit   .   (helmet restricted)
rElec    .         Reflect  .   (no cloak)
rCorr    .         Harm     .   R - +0 pair of gloves
MR       .....                  (no boots)
Stlth    ..........             S - amulet of regeneration
HPRegen  0.68/turn              O - ring of flight
MPRegen  0.14/turn              U - ring of Robustness {AC+8}

@: confused, corroded, flying, fainting
A: retaliatory headbutt, horns 2
a: Berserk, Trog's Hand, Brothers in Arms, Burn Spellbooks, Renounce Religion


You were on level 2 of the Orcish Mines.
You worshipped Trog.
Trog was extremely pleased with you.
You were fainting.

You visited 2 branches of the dungeon, and saw 13 of its levels.

You collected 891 gold pieces.
You spent 450 gold pieces at shops.

Inventory:

Hand Weapons
 a - a +0 hand axe
 e - a +0 hunting sling
 h - a +0 short sword
 m - a +3 morningstar (weapon)
 s - a +0 flail
 v - a +6 morningstar of protection
 x - a +2 mace of protection
 C - a +0 blowgun
 L - a +0 dagger
 M - a +0 giant spiked club
 T - a +0 spear
 X - a +0 spear
Missiles
 j - 181 arrows
 p - 5 large rocks
 t - 91 poisoned needles (quivered)
 G - 4 curare-tipped needles
 I - 2 silver tomahawks
 Q - 55 bolts
Armour
 w - a +0 troll leather armour
 y - a +2 scale mail (worn)
 z - the -2 shield of Vifoac (worn) {rN++ Int-3 Dex+4}
   (You took it off a kobold on level 3 of the Dungeon)

   It affects your intelligence (-3).
   It affects your dexterity (+4).
   It greatly protects you from negative energy.
 R - a +0 pair of gloves (worn)
Jewellery
 l - an uncursed ring of fire
 u - an uncursed ring of teleportation
 A - an uncursed ring of wizardry
 K - an uncursed amulet of the gourmand
 N - a +2 ring of evasion {unknown}
 O - a ring of flight (left hand)
 S - an amulet of regeneration (around neck)
 U - the ring of Robustness (right hand) {AC+8}
   (You found it on level 6 of the Dungeon)

   [ring of protection]

   It affects your AC (+8).
Wands
 r - a wand of random effects (4)
 J - a wand of paralysis (19)
 P - a wand of enslavement (10)
Scrolls
 c - a scroll of acquirement {unknown}
 n - 4 scrolls of remove curse
 D - 2 scrolls of noise
 E - 3 scrolls of magic mapping
 F - 3 scrolls of fog
Potions
 g - 6 potions of curing
 i - a potion of brilliance
 o - 2 potions of magic
 q - a potion of degeneration
Books
 b - a book of Minor Magic

   Spells                             Type                      Level
   a - Magic Dart                     Conjuration                  1
   b - Blink                          Translocation                2
   c - Call Imp                       Summoning                    2
   d - Slow                           Hexes                        2
   e - Conjure Flame                  Conjuration/Fire             3
   f - Mephitic Cloud                 Conjuration/Poison/Air       3
   Trog disapproves of the use of such an item.
 d - a Young Poisoner's Handbook

   Spells                             Type                      Level
   a - Sting                          Conjuration/Poison           1
   b - Poisonous Vapours              Poison/Air                   2
   c - Mephitic Cloud                 Conjuration/Poison/Air       3
   d - Olgreb's Toxic Radiance        Poison                       4
   e - Venom Bolt                     Conjuration/Poison           5
   Trog disapproves of the use of such an item.
 f - a book of Cantrips

   Spells                             Type                      Level
   a - Confusing Touch                Hexes                        1
   b - Animate Skeleton               Necromancy                   1
   c - Summon Small Mammal            Summoning                    1
   d - Apportation                    Translocation                1
   Trog disapproves of the use of such an item.
 V - a book of Minor Magic

   Spells                             Type                      Level
   a - Magic Dart                     Conjuration                  1
   b - Blink                          Translocation                2
   c - Call Imp                       Summoning                    2
   d - Slow                           Hexes                        2
   e - Conjure Flame                  Conjuration/Fire             3
   f - Mephitic Cloud                 Conjuration/Poison/Air       3
   Trog disapproves of the use of such an item.


   Skills:
 + Level 10.2 Fighting
 + Level 13.8 Maces & Flails
 + Level 2.4(3.1) Slings
 + Level 2.5(3.0) Throwing
 + Level 11.1 Armour
 + Level 9.2 Dodging
 + Level 2.8 Stealth
 + Level 10.8 Shields
 + Level 2.4 Unarmed Combat
 + Level 1.4 Spellcasting
 + Level 3.1 Evocations


You had 14 spell levels left.
You didn't know any spells.

Dungeon Overview and Level Annotations

Branches:
Dungeon (11/15)            Temple (0/1) D:5            Lair (0/6) D:10
    Orc (2/2) D:11            Elf (0/3) Orc:2

Altars:
Elyvilon
Gozag
Hepliaklqana
Nemelex Xobeh
Okawaru
Qazlal
Ru
Sif Muna
Trog
Uskayaw
Xom
Yredelemnul
The Shining One

Shops:
D:4 !   D:6 (   D:7 *   D:8 ?   D:10 }


Innate Abilities, Weirdness & Mutations

You reflexively headbutt those who attack you in melee.
You have a pair of horns on your head.


Message History

You're too confused!
You're too confused!
You're too confused!
You're too confused!
You're too confused!
You're too confused!
You're too confused!
You're too confused!
You're too confused!
You're too confused!
You're too confused!
The rust devil disappears in a puff of smoke!
The orange demon disappears in a puff of smoke!
You are fainting from starvation!
The orc high priest prays to Beogh.
The orc wizard gestures wildly while chanting.
The orc wizard seems to speed up.
The ice devil hits you.
* * * LOW HITPOINT WARNING * * *
The ice devil freezes you!!
You die...

...<.###.....##.....#.#.....#..##
......###...#........#....##....#
##....####...............####....
.))....# #.........§..§..## ###.#
[))...## ##........§§§....# ###
...#### #........o.§§....#####
..## ##........oo§§......#.## ..#
#...##..o.#oo3§........# #.#
##.####.@4.#.#..###.#.## ### ###
###4####### ##### ###


You could see an orc knight, 2 orc high priests, 2 ice devils, a sixfirhy, an
orc sorcerer, an orc warrior and an orc wizard.

Vanquished Creatures
  2 two-headed ogres
  An orc high priest (Orc:2)
  The ghost of Arth the Carver, a novice DsGl of Okawaru (D:8)
  An unseen horror (D:10)
  2 orc knights (Orc:2)
  Pikel (D:6)
  3 orc sorcerers (Orc:2)
  An ugly thing (D:11)
  A cyclops (Orc:1)
  A komodo dragon (D:10)
  A troll (D:11)
  Prince Ribbit (D:6)
  4 hippogriffs
  10 yaks
  3 hungry ghosts
  3 wargs
  Duvessa (D:6)
  3 ice beasts
  4 sky beasts
  20 orc warriors
  3 phantoms
  10 ogres
  A centaur (D:8)
  A crocodile (D:10)
  5 big kobolds
  4 bullfrogs
  2 gnoll sergeants (D:11)
  A wyvern zombie (D:7)
  Dowan (D:6)
  3 scorpions
  9 killer bees
  9 wights
  4 howler monkeys
  A bullfrog zombie (D:11)
  A quasit (D:7)
  5 jellies
  5 crimson imps
  A centaur skeleton (D:6)
  15 orc priests
  5 hounds
  33 orc wizards
  A bullfrog skeleton (D:11)
  A gnoll shaman (D:3)
  An iguana (D:8)
  9 worker ants
  A hound skeleton (D:4)
  9 adders
  12 gnolls
  A shadow imp (D:11)
  An ooze (D:7)
  An adder zombie (D:8)
  An adder skeleton (D:3)
  A worm (D:3)
  2 dart slugs
  2 leopard geckos
  64 orcs
  9 giant cockroaches
  12 goblins
  10 hobgoblins
  3 jackals
  18 kobolds
  2 quokkas
  2 ball pythons (D:3)
  9 bats
  A frilled lizard (D:1)
  A quokka skeleton (D:6)
  7 rats
  A fungus (D:10)
365 creatures vanquished.

Vanquished Creatures (collateral kills)
  An elephant (D:10)
  A troll (D:11)
  2 basilisks
  3 orc warriors
  An ogre (Orc:2)
  3 orc priests (Orc:2)
  An orc wizard (Orc:2)
  3 orcs
  6 kobolds (D:11)
21 creatures vanquished.

Vanquished Creatures (others)
  An orc knight (Orc:2)
  5 dream sheep (D:7)
  An orc warrior (Orc:2)
  A slave (D:6)
  An orc wizard (Orc:2)
9 creatures vanquished.

Grand Total: 395 creatures vanquished

Notes
Turn   | Place    | Note
-------+----------+-------------------------------------------
     0 | D:1      | nora the Minotaur Berserker began the quest for the Orb.
     0 | D:1      | Reached XP level 1. HP: 19/19 MP: 0/0
    35 | D:1      | Noticed an electric eel
   233 | D:1      | Reached XP level 2. HP: 23/27 MP: 1/1
   239 | D:1      | Reached skill level 4 in Maces & Flails
   736 | D:1      | Reached XP level 3. HP: 33/33 MP: 2/2
   766 | D:1      | Reached ** piety under Trog
   894 | D:2      | Found an iron altar of Okawaru.
  1476 | D:2      | Found a hide-covered altar of Uskayaw.
  1485 | D:2      | Reached XP level 4. HP: 37/40 MP: 3/3
  1551 | D:2      | Found a sparkling altar of Nemelex Xobeh.
  1893 | D:3      | Reached skill level 5 in Maces & Flails
  1893 | D:3      | Reached XP level 5. HP: 47/47 MP: 4/4
  1921 | D:3      | Got a bloodstained shield
  1940 | D:3      | Identified the -2 shield of Vifoac {rN++ Int-3 Dex+4} (You took it off a kobold on level 3 of the Dungeon)
  2022 | D:3      | Found a hazy altar of Hepliaklqana.
  2402 | D:3      | Reached *** piety under Trog
  2445 | D:4      | Found an opulent altar of Gozag.
  2488 | D:4      | Reached skill level 1 in Shields
  2488 | D:4      | Reached XP level 6. HP: 8/53 MP: 5/5
  3187 | D:4      | Found Xojeji Legu's Distillery.
  3204 | D:4      | Bought a potion of invisibility for 88 gold pieces
  3204 | D:4      | Bought a potion of might for 44 gold pieces
  3324 | D:4      | Reached skill level 6 in Maces & Flails
  3560 | D:5      | Entered Level 5 of the Dungeon
  3599 | D:5      | Found a staircase to the Ecumenical Temple.
  3618 | D:5      | Reached skill level 5 in Armour
  3618 | D:5      | Reached XP level 7. HP: 22/60 MP: 6/6
  3854 | D:5      | Found a basalt altar of Yredelemnul.
  3860 | D:5      | Found a bloodstained altar of Trog.
  3860 | D:5      | Found a deep blue altar of Sif Muna.
  3946 | D:5      | Found a white marble altar of Elyvilon.
  4124 | D:5      | Found a sacrificial altar of Ru.
  4573 | D:6      | Reached skill level 5 in Fighting
  4803 | D:6      | Noticed Prince Ribbit
  4822 | D:6      | Killed Prince Ribbit
  4822 | D:6      | Reached skill level 7 in Maces & Flails
  4822 | D:6      | Reached XP level 8. HP: 29/68 MP: 7/7
  5184 | D:6      | Found Woppaenk's Antique Weapon Emporium.
  5269 | D:6      | Found a stormy altar of Qazlal.
  5369 | D:6      | Noticed Pikel
  5398 | D:6      | Killed Pikel
  5398 | D:6      | Reached skill level 8 in Maces & Flails
  5398 | D:6      | Reached skill level 5 in Dodging
  5398 | D:6      | Reached skill level 1 in Stealth
  5494 | D:6      | Noticed Duvessa
  5507 | D:6      | Killed Duvessa
  5509 | D:6      | Noticed Dowan
  5538 | D:6      | Killed Dowan
  5693 | D:6      | Reached **** piety under Trog
  5693 | D:6      | Reached XP level 9. HP: 75/75 MP: 8/8
  5727 | D:6      | Found the ring of Robustness {AC+8}
  6176 | D:7      | Reached skill level 5 in Shields
  6225 | D:7      | Reached skill level 9 in Maces & Flails
  6280 | D:7      | Found Gefogg's General Store.
  6307 | D:7      | Bought a scroll of fear for 49 gold pieces
  6307 | D:7      | Bought a scroll of teleportation for 42 gold pieces
  6412 | D:7      | Found a shimmering altar of Xom.
  6837 | D:8      | Noticed Arth's ghost (novice DsGl)
  6851 | D:8      | Killed Arth's ghost
  6851 | D:8      | Reached skill level 10 in Maces & Flails
  6851 | D:8      | Reached skill level 1 in Evocations
  6887 | D:8      | Paralysed by fainting for 8 turns
  6898 | D:8      | Reached XP level 10. HP: 48/86 MP: 9/9
  7226 | D:8      | Found Daudghups's Magic Scroll Emporium.
  7226 | D:8      | Noticed a two-headed ogre
  7380 | D:8      | Killed a two-headed ogre
  7424 | D:8      | Bought a scroll of fog for 26 gold pieces
  7424 | D:8      | Bought a scroll of teleportation for 39 gold pieces
  7424 | D:8      | Bought a scroll of identify for 26 gold pieces
  7424 | D:8      | Bought a scroll of teleportation for 39 gold pieces
  7424 | D:8      | Bought a scroll of enchant weapon for 97 gold pieces
  7543 | D:8      | Reached ***** piety under Trog
  7695 | D:8      | Found a glowing golden altar of the Shining One.
  7868 | D:9      | Reached skill level 11 in Maces & Flails
  8117 | D:9      | Noticed a two-headed ogre
  8150 | D:9      | Killed a two-headed ogre
  8469 | D:10     | Entered Level 10 of the Dungeon
  8497 | D:10     | Reached XP level 11. HP: 91/95 MP: 10/10
  8723 | D:10     | Killed an unseen horror
  8863 | D:10     | Reached skill level 10 in Armour
  8956 | D:10     | Found a staircase to the Lair.
  9038 | D:10     | Found Tudeesk's Gadget Shoppe.
  9296 | D:11     | Received a gift from Trog
  9397 | D:11     | Reached skill level 12 in Maces & Flails
  9610 | D:11     | Noticed a brown ugly thing
  9694 | D:11     | Reached skill level 1 in Spellcasting
  9694 | D:11     | Reached XP level 12. HP: 105/105 MP: 11/13
  9990 | D:11     | Found a staircase to the Orcish Mines.
 10007 | D:11     | Received a gift from Trog
 10065 | D:11     | Reached skill level 10 in Shields
 10156 | Orc:1    | Entered Level 1 of the Orcish Mines
 10495 | Orc:1    | Reached skill level 13 in Maces & Flails
 10832 | Orc:2    | Entered Level 2 of the Orcish Mines
 10857 | Orc:2    | Paralysed by fainting for 12 turns
 10911 | Orc:2    | Found a staircase to the Elven Halls.
 11279 | Orc:2    | Received a gift from Trog
 11603 | Orc:2    | Reached skill level 10 in Fighting
 12019 | Orc:2    | Noticed an orc high priest
 12021 | Orc:2    | Noticed an orc high priest
 12029 | Orc:2    | Killed an orc high priest
 12029 | Orc:2    | Reached XP level 13. HP: 113/113 MP: 14/14
 12455 | Orc:2    | HP: 1/113 [orc high priest/divine providence (13)]
 12457 | Orc:2    | Mangled by an ice devil

Skill      XL: |  1  2  3  4  5  6  7  8  9 10 11 12 13 |
---------------+----------------------------------------+-----
Maces & Flails | 4 5 6 7 8 10 11 12 13 | 13.8
Fighting       | 4 5 7 8 9 10 | 10.2
Armour         | 3 4 5 6 8 9 10 11 | 11.1
Dodging        | 3 4 5 6 7 8 9 |  9.2
Shields        | 1 2 3 4 6 8 9 10 | 10.8
Stealth        | 1 2 |  2.8
Evocations     | 1 2 3 |  3.1
Slings         | 2 |  2.4
Throwing       | 2 |  2.5
Unarmed Combat | 2 |  2.4
Spellcasting   | 1 |  1.4

Action                   |  1- 3 |  4- 6 |  7- 9 | 10-12 | 13-15 || total
-------------------------+-------+-------+-------+-------+-------++-------
Melee: Mace              |    77 |   118 |   247 |   285 |       ||   727
       Headbutt          |    13 |    31 |    66 |   139 |     3 ||   252
       Morningstar       |       |       |       |   240 |    11 ||   251
Throw: Throwing net      |       |       |     4 |       |       ||     4
Invok: Berserk           |     1 |     5 |     6 |    22 |       ||    34
       Trog's Hand       |       |     3 |     1 |     9 |       ||    13
       Brothers in Arms  |       |       |       |     4 |       ||     4
Evoke: Wand              |       |       |     5 |     6 |     8 ||    19
       Box of beasts     |       |       |       |     2 |       ||     2
  Use: Scroll            |     6 |     3 |     3 |    17 |     3 ||    32
       Potion            |       |     1 |     4 |    11 |     3 ||    19
 Stab: Held in net/web   |       |       |     1 |       |       ||     1
  Eat: Ration            |     1 |     1 |     4 |     9 |       ||    15
       Chunk             |       |     6 |    10 |    17 |       ||    33
Armor: Leather armour    |    14 |       |       |       |       ||    14
       Ring mail         |    23 |    17 |       |       |       ||    40
       Scale mail        |       |    47 |   146 |   406 |     4 ||   603
Dodge: Dodged            |    60 |    96 |   144 |   428 |    21 ||   749
Block: Shield            |       |    46 |   130 |   403 |    15 ||   594
